AoeStats
← [CL] Al3jandr0.magn00

Enclosed

506677932Analyzed
1v1 RM · 17d ago on Sep 14, 2026· 37m 4s· 2 players
Game mode
Random Map
Map size
Tiny (2 player)
Population
200
Speed
Normal
Resources
Standard
Victory
Conquest
Starting age
Dark Age
Ending age
Imperial Age
RankedLock teamsTeams togetherTeam positionsShared explorationLock speedFull tech treeHidden civsTurbo modeCheats
Victory
Defeat
🇲🇽 Italians · Mexico
1939
+12
🇦🇷 Dravidians · Argentina
1847
-12
[CL] Al3jandr0.magn00
6:06 Loom
8:32 Feudal Age
8:38 Man-at-Arms
9:23 Double-Bit Axe
12:56 Fletching
20:51 Castle Age
18:58 Horse Collar
19:47 Gold Mining
21:01 Padded Archer Armor
21:37 Bodkin Arrow
24:06 Crossbowman
25:08 Squires
25:23 Pikeman
27:25 Forging
28:52 Scale Mail Armor
28:49 Town Watch
29:44 Bow Saw
33:02 Wheelbarrow
32:10 Long Swordsman
32:29 Elite Skirmisher
33:25 Leather Archer Armor
33:58 Gambesons
39:03 Imperial Age
VL Lemoine
6:45 Loom
9:13 Feudal Age
9:27 Man-at-Arms
10:12 Double-Bit Axe
12:19 Fletching
16:58 Wheelbarrow
20:13 Castle Age
18:54 Gold Mining
19:12 Scale Barding Armor
19:58 Bloodlines
21:20 Chain Barding Armor
22:51 Bow Saw
24:03 Husbandry
25:11 Horse Collar
27:14 Elite Skirmisher
28:24 Bodkin Arrow
28:54 Padded Archer Armor
28:36 Light Cavalry
30:02 Sanctity
30:13 Leather Archer Armor
33:13 Hand Cart
36:29 Imperial Age
34:37 Ballistics
35:45 Forging
36:21 Thumb Ring
35:37 Crossbowman
36:34 Cavalier
37:51 Plate Barding Armor
38:12 Iron Casting
Connection lost

Rejoining the realm…

Still unreachable

The connection could not be restored.

Session expired

The server has moved on; the page needs a fresh start.